Senators vs Saguenéens
Created - 7 janvier 2014 at 19:04
Goals
|
| Senators |
2 |
1 |
3 |
0 |
1 |
7 |
| Saguenéens |
2 |
1 |
3 |
0 |
0 |
6 |
|
Shots
|
| Senators |
16 |
6 |
19 |
1 |
3 |
42 |
| Saguenéens |
17 |
11 |
21 |
0 |
3 |
49 |
|
1st period
1. Saguenéens , Wayne Primeau 11 (James Sheppard) at 10:47
2. Senators , Stanislav Chistov 18 (Nikolai Kulemin, Paul Ranger) at 11:54
3. Saguenéens , Evgeny Dadonov 27 (Tyler Kennedy) at 12:52
4. Senators , Niklas Hagman 18 (B.J. Crombeen, Gilbert Brule) at 16:26
Penalties :
Mark Olver (BIN) for Interference (Minor) at 19:12
2nd period
5. Senators , Jack Skille 10 (Steven Goertzen, Karl Alzner) at 2:39
6. Saguenéens , Tyler Kennedy 11 (Evgeny Dadonov) at 13:06 (PP)
Penalties :
Jeffrey Foss (Chi) for Hooking (Minor) at 6:38, Ryan Parent (BIN) for Hooking (Minor) at 13:02, Kyle Brodziak (Chi) for Interference (Minor) at 13:33, Henrik Tallinder (Chi) for Boarding (Minor) at 19:05
3rd period
7. Saguenéens , Dwight King 16 (Kyle Brodziak, Brandon Yip) at 2:25 (PP)
8. Senators , Gilbert Brule 28 (B.J. Crombeen) at 10:17
9. Saguenéens , Tyler Kennedy 12 (Evgeny Dadonov) at 11:48
10. Senators , Josh Hennessy 16 (Stanislav Chistov) at 13:53
11. Senators , B.J. Crombeen 23 (Niklas Hagman) at 18:39
12. Saguenéens , Trevor Daley 4 (Brandon Yip, Evgeny Dadonov) at 19:52
Penalties :
Logan Stephenson (BIN) for Holding (Minor) at 2:19, Wayne Simmonds (Chi) for Hooking (Minor) at 11:11, B.J. Crombeen (BIN) for Tripping (Minor) at 11:11, Trevor Daley (Chi) for Holding (Minor) at 17:19, Shane Sims (BIN) for Tripping (Minor) at 17:19
Overtime #1
No Goal
Penalties :
No Penalty
Shootout
Penalty Shot by B.J. Crombeen for Senators - Stopped by James Reimer
Penalty Shot by Brandon Yip for Saguenéens - Stopped by Jeff Deslauriers
Penalty Shot by Niklas Hagman for Senators - Stopped by James Reimer
Penalty Shot by Tyler Kennedy for Saguenéens - Stopped by Jeff Deslauriers
Penalty Shot by Gilbert Brule for Senators - Goal!
Penalty Shot by Evgeny Dadonov for Saguenéens - Shot Misses the Net
Penalties :
No Penalty
Goalie Stats
Jeff Deslauriers (BIN), 43 saves from 49 shots - (0,878), W, 17-5-4, 65:00 minutes
James Reimer (Chi), 36 saves from 42 shots - (0,857), OTL, 12-6-4, 64:18 minutes
Players Stats for Senators
Player Name G A P +/- PIM S H SB GA TA FO MP PP MP PK MP
------------------------------------------------------------------------------------
B.J. Crombeen 1 2 3 0 2 3 2 1 0 0 2/8 25:56 3:19 1:45
Brett Sterling 0 0 0 0 0 2 2 0 0 0 0/0 12:40 0:13 0:00
Cody Hodgson 0 0 0 0 0 0 1 0 0 1 1/5 10:29 0:00 0:00
Dylan Hunter 0 0 0 1 0 0 3 0 1 0 0/0 7:02 0:00 0:00
Gilbert Brule 1 1 2 -1 0 7 1 1 2 0 14/38 23:33 3:19 0:24
Jack Skille 1 0 1 0 0 2 1 0 0 0 0/0 9:30 0:13 0:00
Josh Hennessy 1 0 1 2 0 1 0 1 1 0 5/11 15:03 2:25 0:00
Karl Alzner 0 1 1 0 0 0 1 3 0 1 0/0 22:31 2:11 0:40
Logan Stephenson 0 0 0 2 2 0 0 1 0 0 0/0 11:27 0:00 0:00
Mark Olver 0 0 0 1 2 0 0 0 0 0 2/3 6:40 0:00 0:00
Milan Jurcina 0 0 0 0 0 1 0 2 0 0 0/0 22:31 2:11 0:40
Niklas Hagman 1 1 2 -1 0 7 0 0 1 3 1/3 26:57 3:19 1:45
Nikolai Kulemin 0 1 1 2 0 2 2 0 0 0 0/1 17:17 2:25 0:24
Paul Ranger 0 1 1 0 0 4 0 3 1 3 0/0 31:01 3:46 1:29
Ryan Parent 0 0 0 0 2 1 3 2 0 2 0/0 30:56 3:46 1:25
Shane Sims 0 0 0 2 2 3 0 1 0 1 0/0 11:46 0:00 0:04
Stanislav Chistov 1 1 2 2 0 3 1 0 3 0 1/1 15:03 2:25 0:00
Steven Goertzen 0 1 1 0 0 6 1 2 0 0 2/3 13:26 0:13 0:00
Players Stats for Saguenéens
Player Name G A P +/- PIM S H SB GA TA FO MP PP MP PK MP
------------------------------------------------------------------------------------
Brandon Burlon 0 0 0 1 0 2 0 2 1 1 0/0 18:20 0:00 1:35
Brandon Yip 0 2 2 -2 0 3 4 1 2 0 2/2 22:36 0:55 2:54
Brian Flynn 0 0 0 -2 0 1 1 0 0 0 2/4 8:25 0:00 0:00
David Laliberté 0 0 0 -2 0 1 0 0 0 0 0/0 7:35 0:00 0:00
Dwight King 1 0 1 -2 0 2 2 0 1 2 1/1 14:52 0:55 0:08
Evgeny Dadonov 1 3 4 3 0 8 1 2 0 0 2/2 21:04 1:14 0:00
Henrik Tallinder 0 0 0 2 2 1 2 0 1 1 0/0 19:57 0:58 1:58
Ian Cole 0 0 0 -1 0 1 2 0 2 0 0/0 24:57 0:58 0:35
James Sheppard 0 1 1 0 0 0 0 0 0 0 0/0 9:45 0:00 0:00
Jarkko Ruutu 0 0 0 -2 0 0 1 0 0 0 0/0 12:15 0:00 2:55
Jeffrey Foss 0 0 0 -3 2 1 1 1 0 0 0/0 19:42 1:11 1:49
Kris Russell 0 0 0 -3 0 4 1 1 0 0 0/0 20:41 0:00 2:56
Kyle Brodziak 0 1 1 -3 2 5 2 0 2 1 11/19 19:18 0:55 0:00
Rhett Rakhshani 0 0 0 0 0 1 0 0 0 0 1/1 8:45 0:00 0:00
Trevor Daley 1 0 1 0 2 5 2 3 1 2 0/0 27:30 1:11 3:01
Tyler Kennedy 2 1 3 3 0 8 0 2 1 1 22/38 24:41 1:14 2:50
Wayne Primeau 1 0 1 0 0 4 1 2 0 1 4/6 11:44 0:00 2:54
Wayne Simmonds 0 0 0 1 2 2 0 1 0 0 0/0 17:53 1:14 0:13
3 Stars
1 - Evgeny Dadonov (Chi)
2 - Tyler Kennedy (Chi)
3 - Stanislav Chistov (BIN)
Power Play
Senators - 0 on 3 Attempt(s) - 0,00%
Saguenéens - 2 on 3 Attempt(s) - 66,67%
Penalty Kill
Senators - 1 on 3 Attempt(s) - 33,33%
- Score 0 goal in Penalty Kill
Saguenéens - 3 on 3 Attempt(s) - 100,00%
- Score 0 goal in Penalty Kill
Official
Referees : Ciamaga Chris and Hebert Ghislain
Linesman : Don Henderson and Jonny Murray
Game Notes
No Game Note
Finance
Level 1 -- Attendance: 1626 (81,30%) -- Ticket Income 65 040 $
Level 2 -- Attendance: 761 (76,10%) -- Ticket Income 15 220 $
Total Attendance: 2387 (79,57%)
Total Ticket Income: 80 260 $
Other Income: 4 013 $
Total Income: 84 273 $
Senators
5 vs 5 Forward
Center Left Wing Right Wing Time % Phy DF OF
1 Gilbert Brule Niklas Hagman B.J. Crombeen 40 1 2 2
2 Josh Hennessy Nikolai Kulemin Stanislav Chistov 30 1 2 2
3 Cody Hodgson Brett Sterling Steven Goertzen 20 1 2 2
4 Mark Olver Dylan Hunter Jack Skille 10 1 2 2
5 vs 5 Defense
Defense Defense Time % Phy DF OF
1 Ryan Parent Paul Ranger 40 1 2 2
2 Milan Jurcina Karl Alzner 30 1 2 2
3 Logan Stephenson Shane Sims 20 1 2 2
4 Ryan Parent Paul Ranger 10 1 2 2
PowerPlay Forward
Center Left Wing Right Wing Time % Phy DF OF
1 Gilbert Brule Niklas Hagman B.J. Crombeen 60 1 2 2
2 Josh Hennessy Nikolai Kulemin Stanislav Chistov 40 1 2 2
PowerPlay Defense
Defense Defense Time % Phy DF OF
1 Ryan Parent Paul Ranger 60 1 2 2
2 Milan Jurcina Karl Alzner 40 1 2 2
Penalty Kill 4 Players Forward
Center Wing Time % Phy DF OF
1 B.J. Crombeen Niklas Hagman 60 1 2 2
2 Gilbert Brule Nikolai Kulemin 40 1 2 2
Penalty Kill 4 Players Defense
Defense Defense Time % Phy DF OF
1 Ryan Parent Paul Ranger 60 1 2 2
2 Milan Jurcina Karl Alzner 40 1 2 2
Penalty Kill - 3 Players Forward
Forward Time % Phy DF OF
1 B.J. Crombeen 60 1 2 2
2 Niklas Hagman 40 1 2 2
Penalty Kill - 3 Players Defense
Defense Defense Time % Phy DF OF
1 Ryan Parent Paul Ranger 60 1 2 2
2 Milan Jurcina Karl Alzner 40 1 2 2
4 vs 4 Forward
Center Wing Time % Phy DF OF
1 B.J. Crombeen Niklas Hagman 60 1 2 2
2 Gilbert Brule Nikolai Kulemin 40 1 2 2
4 vs 4 Defense
Defense Defense Time % Phy DF OF
1 Ryan Parent Paul Ranger 60 1 2 2
2 Milan Jurcina Karl Alzner 40 1 2 2
Last Minutes Offensive
Center Left Wing Right Wing Defense Defense
Gilbert Brule Niklas Hagman B.J. Crombeen Ryan Parent Paul Ranger
Last Minutes Defensive
Center Left Wing Right Wing Defense Defense
Gilbert Brule Niklas Hagman B.J. Crombeen Ryan Parent Paul Ranger
Goaltenders
Starting : Jeff Deslauriers
Backup : Jacob Markstrom
Extra Forwards
Normal : Steven Goertzen, Jack Skille, Brett Sterling - PP : Steven Goertzen, Jack Skille - PK : Brett Sterling
Extra Defensemen
Normal : Logan Stephenson, Shane Sims, Milan Jurcina - PP : Logan Stephenson - PK : Shane Sims, Milan Jurcina
Penalty Shots
B.J. Crombeen, Niklas Hagman, Gilbert Brule, Nikolai Kulemin, Stanislav Chistov
Saguenéens
5 vs 5 Forward
Center Left Wing Right Wing Time % Phy DF OF
1 Tyler Kennedy Evgeny Dadonov Wayne Simmonds 40 1 1 3
2 Kyle Brodziak Dwight King Brandon Yip 30 1 1 3
3 Wayne Primeau James Sheppard Rhett Rakhshani 16 1 2 2
4 Brian Flynn Jarkko Ruutu David Laliberté 14 1 2 2
5 vs 5 Defense
Defense Defense Time % Phy DF OF
1 Ian Cole Trevor Daley 34 1 2 2
2 Jeffrey Foss Kris Russell 34 1 2 2
3 Brandon Burlon Henrik Tallinder 22 1 2 2
4 Ian Cole Trevor Daley 10 0 2 3
PowerPlay Forward
Center Left Wing Right Wing Time % Phy DF OF
1 Tyler Kennedy Evgeny Dadonov Wayne Simmonds 60 0 1 4
2 Kyle Brodziak Dwight King Brandon Yip 40 0 1 4
PowerPlay Defense
Defense Defense Time % Phy DF OF
1 Jeffrey Foss Trevor Daley 60 0 2 3
2 Ian Cole Henrik Tallinder 40 0 2 3
Penalty Kill 4 Players Forward
Center Wing Time % Phy DF OF
1 Tyler Kennedy Jarkko Ruutu 50 1 3 1
2 Wayne Primeau Brandon Yip 50 1 3 1
Penalty Kill 4 Players Defense
Defense Defense Time % Phy DF OF
1 Jeffrey Foss Trevor Daley 50 1 3 1
2 Kris Russell Henrik Tallinder 50 1 3 1
Penalty Kill - 3 Players Forward
Forward Time % Phy DF OF
1 Jarkko Ruutu 50 1 3 1
2 Wayne Primeau 50 1 3 1
Penalty Kill - 3 Players Defense
Defense Defense Time % Phy DF OF
1 Jeffrey Foss Trevor Daley 50 1 3 1
2 Kris Russell Henrik Tallinder 50 1 3 1
4 vs 4 Forward
Center Wing Time % Phy DF OF
1 Kyle Brodziak Brandon Yip 50 1 1 3
2 Tyler Kennedy Evgeny Dadonov 50 1 1 3
4 vs 4 Defense
Defense Defense Time % Phy DF OF
1 Ian Cole Trevor Daley 50 1 2 2
2 Henrik Tallinder Brandon Burlon 50 1 2 2
Last Minutes Offensive
Center Left Wing Right Wing Defense Defense
Tyler Kennedy Evgeny Dadonov Brandon Yip Henrik Tallinder Trevor Daley
Last Minutes Defensive
Center Left Wing Right Wing Defense Defense
Wayne Primeau Evgeny Dadonov Wayne Simmonds Trevor Daley Kris Russell
Goaltenders
Starting : James Reimer
Backup : Harru Sateri
Extra Forwards
Normal : James Sheppard, Brian Flynn, Evgeny Dadonov - PP : James Sheppard, Brian Flynn - PK : Wayne Simmonds
Extra Defensemen
Normal : Henrik Tallinder, Jeffrey Foss, Kris Russell - PP : Kris Russell - PK : Brandon Burlon, Ian Cole
Penalty Shots
Brandon Yip, Tyler Kennedy, Evgeny Dadonov, Jarkko Ruutu, Wayne Simmonds
% Time on Ice - Senators
Lines # - Real PCT - Wanted PCT - Time Play
Normal Forward
1 - 37% - 40% - 17:49
2 - 27% - 30% - 12:38
3 - 22% - 20% - 10:29
4 - 14% - 10% - 6:41
Normal Defense
1 - 40% - 40% - 18:53
2 - 35% - 30% - 16:29
3 - 22% - 20% - 10:31
4 - 4% - 10% - 1:44
PP Forward
1 - 59% - 60% - 3:32
2 - 41% - 40% - 2:25
PP Defense
1 - 63% - 60% - 3:46
2 - 37% - 40% - 2:11
PK Forward
1 - 81% - 60% - 1:45
2 - 19% - 40% - 0:24
PK Defense
1 - 69% - 60% - 1:29
2 - 31% - 40% - 0:40
PK3 Forward
1 - 0% - 60%
2 - 0% - 40%
PK3 Defense
1 - 0% - 60%
2 - 0% - 40%
44 Forward
1 - 80% - 60% - 7:08
2 - 20% - 40% - 1:50
44 Defense
1 - 64% - 60% - 5:47
2 - 36% - 40% - 3:11
Last Minute Offensive - 0:00
Last Minute Defensive - 0:19
Total
Forward - 65:00
Defense - 65:00
|
% Time on Ice - Saguenéens
Lines # - Real PCT - Wanted PCT - Time Play
Normal Forward
1 - 36% - 40% - 17:08
2 - 30% - 30% - 14:09
3 - 18% - 16% - 8:45
4 - 16% - 14% - 7:35
Normal Defense
1 - 35% - 34% - 16:26
2 - 35% - 34% - 16:27
3 - 24% - 22% - 11:37
4 - 7% - 10% - 3:07
PP Forward
1 - 57% - 60% - 1:14
2 - 43% - 40% - 0:55
PP Defense
1 - 55% - 60% - 1:11
2 - 45% - 40% - 0:58
PK Forward
1 - 49% - 50% - 2:55
2 - 51% - 50% - 3:02
PK Defense
1 - 51% - 50% - 3:01
2 - 49% - 50% - 2:56
PK3 Forward
1 - 0% - 50%
2 - 0% - 50%
PK3 Defense
1 - 0% - 50%
2 - 0% - 50%
44 Forward
1 - 49% - 50% - 4:25
2 - 51% - 50% - 4:33
44 Defense
1 - 46% - 50% - 4:06
2 - 54% - 50% - 4:52
Last Minute Offensive - 0:19
Last Minute Defensive - 0:00
Total
Forward - 65:00
Defense - 65:00
|
Play by Play
1st period
0:01 of 1st period - Gilbert Brule wins face-off versus Tyler Kennedy in neutral zone.
0:12 of 1st period - Slapshot by Niklas Hagman.
0:12 of 1st period - Deflect By Trevor Daley.
0:12 of 1st period - Stopped by James Reimer with a rebound.
0:26 of 1st period - Kyle Brodziak is hit by Ryan Parent and loses puck.
0:39 of 1st period - Snap shot by Josh Hennessy.
0:39 of 1st period - Deflect By Stanislav Chistov.
0:39 of 1st period - Shot Blocked by Trevor Daley.
0:39 of 1st period - Puck is out of play.
0:40 of 1st period - Rhett Rakhshani wins face-off versus Cody Hodgson in Saguenéens zone.
0:49 of 1st period - Snap shot by Cody Hodgson.
0:49 of 1st period - Shot Blocked by Jeffrey Foss.
0:51 of 1st period - Snap shot by Steven Goertzen.
0:51 of 1st period - Stopped by James Reimer with a rebound.
0:53 of 1st period - Slapshot by Shane Sims.
0:53 of 1st period - Stopped by James Reimer without a rebound.
0:54 of 1st period - Mark Olver wins face-off versus Brian Flynn in Saguenéens zone.
1:19 of 1st period - Henrik Tallinder is hit by Ryan Parent and loses puck.
1:30 of 1st period - Wrist shot by Gilbert Brule.
1:30 of 1st period - Stopped by James Reimer with a rebound.
1:46 of 1st period - Karl Alzner is hit by Brandon Yip and loses puck.
2:09 of 1st period - Slapshot by Wayne Primeau.
2:09 of 1st period - Shot Misses the Net.
2:11 of 1st period - Slapshot by Jeffrey Foss.
2:11 of 1st period - Deflect By Brett Sterling.
2:11 of 1st period - Stopped by Jeff Deslauriers with a rebound.
2:21 of 1st period - Dylan Hunter is hit by Jarkko Ruutu and loses puck.
2:40 of 1st period - Slapshot by Tyler Kennedy.
2:40 of 1st period - Stopped by Jeff Deslauriers with a rebound.
2:50 of 1st period - Snap shot by Gilbert Brule.
2:50 of 1st period - Deflect By Niklas Hagman.
2:50 of 1st period - Shot Blocked by Tyler Kennedy.
2:50 of 1st period - Puck is out of play.
2:51 of 1st period - Kyle Brodziak wins face-off versus Josh Hennessy in Saguenéens zone.
3:42 of 1st period - Milan Jurcina is hit by Henrik Tallinder and loses puck.
3:49 of 1st period - Wrist shot by Wayne Primeau.
3:49 of 1st period - Stopped by Jeff Deslauriers without a rebound.
3:50 of 1st period - Josh Hennessy wins face-off versus Kyle Brodziak in Senators zone.
3:50 of 1st period - Josh Hennessy is hit by Brandon Yip.
3:56 of 1st period - Brandon Yip is hit by Nikolai Kulemin and loses puck.
4:17 of 1st period - Trevor Daley is hit by B.J. Crombeen and loses puck.
4:46 of 1st period - Wrist shot by Tyler Kennedy.
4:46 of 1st period - Stopped by Jeff Deslauriers without a rebound.
4:47 of 1st period - Gilbert Brule wins face-off versus Tyler Kennedy in Senators zone.
4:56 of 1st period - Wrist shot by Niklas Hagman.
4:56 of 1st period - Shot Blocked by Evgeny Dadonov.
4:58 of 1st period - Slapshot by Niklas Hagman.
4:58 of 1st period - Stopped by James Reimer with a rebound.
5:14 of 1st period - Karl Alzner is hit by Brandon Yip and loses puck.
5:35 of 1st period - Snap shot by Stanislav Chistov.
5:35 of 1st period - Shot Blocked by Wayne Primeau.
5:45 of 1st period - Wrist shot by Nikolai Kulemin.
5:45 of 1st period - Stopped by James Reimer without a rebound.
5:46 of 1st period - Tyler Kennedy wins face-off versus Gilbert Brule in Saguenéens zone.
7:17 of 1st period - Snap shot by Wayne Simmonds.
7:17 of 1st period - Stopped by Jeff Deslauriers with a rebound.
7:19 of 1st period - Snap shot by Wayne Simmonds.
7:19 of 1st period - Stopped by Jeff Deslauriers with a rebound.
7:21 of 1st period - Slapshot by Brandon Burlon.
7:21 of 1st period - Stopped by Jeff Deslauriers with a rebound.
7:23 of 1st period - Snap shot by Tyler Kennedy.
7:23 of 1st period - Stopped by Jeff Deslauriers with a rebound.
7:25 of 1st period - Slapshot by Brandon Burlon.
7:25 of 1st period - Deflect By Brett Sterling.
7:25 of 1st period - Stopped by Jeff Deslauriers with a rebound.
8:36 of 1st period - Logan Stephenson is hit by Trevor Daley and loses puck.
8:49 of 1st period - Wrist shot by Brett Sterling.
8:49 of 1st period - Stopped by James Reimer with a rebound.
9:03 of 1st period - Logan Stephenson is hit by Brian Flynn and loses puck.
9:28 of 1st period - Jack Skille is hit by Kris Russell and loses puck.
9:53 of 1st period - Snap shot by Evgeny Dadonov.
9:53 of 1st period - Stopped by Jeff Deslauriers without a rebound.
9:54 of 1st period - Tyler Kennedy wins face-off versus Niklas Hagman in Senators zone.
9:55 of 1st period - Wrist shot by Evgeny Dadonov.
9:55 of 1st period - Deflect By Wayne Simmonds.
9:55 of 1st period - Shot Misses the Net.
9:55 of 1st period - Puck is out of play.
9:56 of 1st period - Tyler Kennedy wins face-off versus Gilbert Brule in Senators zone.
10:31 of 1st period - Snap shot by Brandon Yip.
10:31 of 1st period - Deflect By Kyle Brodziak.
10:31 of 1st period - Shot Blocked by Milan Jurcina.
10:31 of 1st period - Puck is out of play.
10:32 of 1st period - Wayne Primeau wins face-off versus Gilbert Brule in Senators zone.
10:33 of 1st period - Slapshot by James Sheppard.
10:33 of 1st period - Shot Misses the Net.
10:47 of 1st period - Wrist shot by Wayne Primeau.
10:47 of 1st period - Goal by Wayne Primeau - Senators : 0 - Saguenéens : 1.
10:48 of 1st period - Tyler Kennedy wins face-off versus B.J. Crombeen in neutral zone.
10:53 of 1st period - Snap shot by Evgeny Dadonov.
10:53 of 1st period - Shot Misses the Net.
10:59 of 1st period - Snap shot by B.J. Crombeen.
10:59 of 1st period - Shot Misses the Net.
11:01 of 1st period - Wrist shot by Niklas Hagman.
11:01 of 1st period - Stopped by James Reimer with a rebound.
11:03 of 1st period - Wrist shot by Paul Ranger.
11:03 of 1st period - Deflect By Niklas Hagman.
11:03 of 1st period - Shot Misses the Net.
11:03 of 1st period - Puck is out of play.
11:04 of 1st period - Kyle Brodziak wins face-off versus Josh Hennessy in Saguenéens zone.
11:14 of 1st period - Icing by Ryan Parent.
11:15 of 1st period - Tyler Kennedy wins face-off versus Josh Hennessy in Senators zone.
11:42 of 1st period - Snap shot by Josh Hennessy.
11:42 of 1st period - Shot Hit the Post.
11:48 of 1st period - Wrist shot by Stanislav Chistov.
11:48 of 1st period - Shot Misses the Net.
11:54 of 1st period - Backhand shot by Stanislav Chistov.
11:54 of 1st period - Goal by Stanislav Chistov - Senators : 1 - Saguenéens : 1.
11:55 of 1st period - Evgeny Dadonov wins face-off versus Gilbert Brule in neutral zone.
12:03 of 1st period - Off-side.
12:04 of 1st period - Tyler Kennedy wins face-off versus Gilbert Brule in neutral zone.
12:24 of 1st period - Snap shot by B.J. Crombeen.
12:24 of 1st period - Shot Blocked by Wayne Simmonds.
12:32 of 1st period - Wrist shot by Evgeny Dadonov.
12:32 of 1st period - Stopped by Jeff Deslauriers with a rebound.
12:52 of 1st period - Snap shot by Tyler Kennedy.
12:52 of 1st period - Deflect By Evgeny Dadonov.
12:52 of 1st period - Goal by Evgeny Dadonov - Senators : 1 - Saguenéens : 2.
12:53 of 1st period - Josh Hennessy wins face-off versus Kyle Brodziak in neutral zone.
12:58 of 1st period - Slapshot by Paul Ranger.
12:58 of 1st period - Stopped by James Reimer without a rebound.
12:59 of 1st period - Kyle Brodziak wins face-off versus Josh Hennessy in Saguenéens zone.
13:28 of 1st period - Off-side.
13:29 of 1st period - Gilbert Brule wins face-off versus Tyler Kennedy in neutral zone.
13:34 of 1st period - Tyler Kennedy is hit by B.J. Crombeen and loses puck.
14:17 of 1st period - Wrist shot by Wayne Primeau.
14:17 of 1st period - Shot Misses the Net.
14:19 of 1st period - Slapshot by Jeffrey Foss.
14:19 of 1st period - Shot Blocked by Karl Alzner.
14:21 of 1st period - Slapshot by Kris Russell.
14:21 of 1st period - Shot Misses the Net.
14:23 of 1st period - Snap shot by Wayne Primeau.
14:23 of 1st period - Shot Misses the Net.
14:25 of 1st period - Snap shot by Rhett Rakhshani.
14:25 of 1st period - Shot Misses the Net.
14:49 of 1st period - Stanislav Chistov is hit by Dwight King and loses puck.
15:30 of 1st period - Off-side.
15:31 of 1st period - Brandon Yip wins face-off versus Gilbert Brule in neutral zone.
15:36 of 1st period - Slapshot by Trevor Daley.
15:36 of 1st period - Stopped by Jeff Deslauriers without a rebound.
15:37 of 1st period - Kyle Brodziak wins face-off versus Gilbert Brule in Senators zone.
15:42 of 1st period - Slapshot by Kyle Brodziak.
15:42 of 1st period - Shot Hit the Post.
15:44 of 1st period - Slapshot by Trevor Daley.
15:44 of 1st period - Shot Misses the Net.
15:46 of 1st period - Slapshot by Ian Cole.
15:46 of 1st period - Deflect By Gilbert Brule.
15:46 of 1st period - Stopped by Jeff Deslauriers with a rebound.
15:48 of 1st period - Wrist shot by Kyle Brodziak.
15:48 of 1st period - Stopped by Jeff Deslauriers with a rebound.
15:50 of 1st period - Wrist shot by Kyle Brodziak.
15:50 of 1st period - Shot Misses the Net.
16:12 of 1st period - Wrist shot by Steven Goertzen.
16:12 of 1st period - Deflect By Cody Hodgson.
16:12 of 1st period - Shot Blocked by Trevor Daley.
16:12 of 1st period - Puck is out of play.
16:13 of 1st period - Dwight King wins face-off versus Gilbert Brule in Saguenéens zone.
16:18 of 1st period - Wrist shot by Gilbert Brule.
16:18 of 1st period - Shot Misses the Net.
16:20 of 1st period - Wrist shot by Gilbert Brule.
16:20 of 1st period - Shot Blocked by Kris Russell.
16:22 of 1st period - Wrist shot by B.J. Crombeen.
16:22 of 1st period - Shot Misses the Net.
16:24 of 1st period - Snap shot by Gilbert Brule.
16:24 of 1st period - Stopped by James Reimer with a rebound.
16:26 of 1st period - Wrist shot by B.J. Crombeen.
16:26 of 1st period - Deflect By Niklas Hagman.
16:26 of 1st period - Goal by Niklas Hagman - Senators : 2 - Saguenéens : 2.
16:27 of 1st period - Niklas Hagman wins face-off versus Tyler Kennedy in neutral zone.
17:19 of 1st period - Backhand shot by Steven Goertzen.
17:19 of 1st period - Stopped by James Reimer with a rebound.
17:21 of 1st period - Snap shot by Brett Sterling.
17:21 of 1st period - Shot Blocked by Wayne Primeau.
17:57 of 1st period - Snap shot by Gilbert Brule.
17:57 of 1st period - Stopped by James Reimer with a rebound.
18:11 of 1st period - Snap shot by Kyle Brodziak.
18:11 of 1st period - Stopped by Jeff Deslauriers without a rebound.
18:12 of 1st period - Josh Hennessy wins face-off versus Kyle Brodziak in Senators zone.
18:18 of 1st period - Icing by Trevor Daley.
18:19 of 1st period - Kyle Brodziak wins face-off versus Gilbert Brule in Saguenéens zone.
18:21 of 1st period - Icing by Dwight King.
18:22 of 1st period - Gilbert Brule wins face-off versus Kyle Brodziak in Saguenéens zone.
18:33 of 1st period - Snap shot by B.J. Crombeen.
18:33 of 1st period - Shot Blocked by Trevor Daley.
18:35 of 1st period - Wrist shot by B.J. Crombeen.
18:35 of 1st period - Shot Misses the Net.
18:37 of 1st period - Wrist shot by B.J. Crombeen.
18:37 of 1st period - Shot Blocked by Brandon Yip.
18:47 of 1st period - Snap shot by Evgeny Dadonov.
18:47 of 1st period - Shot Misses the Net.
18:53 of 1st period - Backhand shot by Stanislav Chistov.
18:53 of 1st period - Stopped by James Reimer with a rebound.
18:55 of 1st period - Wrist shot by Josh Hennessy.
18:55 of 1st period - Deflect By Nikolai Kulemin.
18:55 of 1st period - Stopped by James Reimer with a rebound.
18:57 of 1st period - Slapshot by Paul Ranger.
18:57 of 1st period - Shot Blocked by Tyler Kennedy.
19:12 of 1st period - Minor Penalty to Mark Olver for Interference.
19:13 of 1st period - Kyle Brodziak wins face-off versus B.J. Crombeen in Senators zone.
2nd period
0:01 of 2nd period - Tyler Kennedy wins face-off versus B.J. Crombeen in neutral zone.
0:10 of 2nd period - Backhand shot by Tyler Kennedy.
0:10 of 2nd period - Shot Blocked by Paul Ranger.
0:12 of 2nd period - Slapshot by Evgeny Dadonov.
0:12 of 2nd period - Deflect By Tyler Kennedy.
0:12 of 2nd period - Shot Misses the Net.
0:12 of 2nd period - Puck is out of play.
0:13 of 2nd period - B.J. Crombeen wins face-off versus Tyler Kennedy in Senators zone.
0:24 of 2nd period - Wrist shot by Niklas Hagman.
0:24 of 2nd period - Shot Misses the Net.
0:43 of 2nd period - Off-side.
0:44 of 2nd period - Kyle Brodziak wins face-off versus Nikolai Kulemin in neutral zone.
1:11 of 2nd period - Off-side.
1:12 of 2nd period - Penalty to Mark Olver is over, Mark Olver is back on ice.
1:12 of 2nd period - Josh Hennessy wins face-off versus Tyler Kennedy in neutral zone.
1:15 of 2nd period - Wrist shot by Stanislav Chistov.
1:15 of 2nd period - Shot Misses the Net.
1:26 of 2nd period - Snap shot by Evgeny Dadonov.
1:26 of 2nd period - Stopped by Jeff Deslauriers without a rebound.
1:27 of 2nd period - Gilbert Brule wins face-off versus Kyle Brodziak in Senators zone.
2:39 of 2nd period - Slapshot by Jack Skille.
2:39 of 2nd period - Goal by Jack Skille - Senators : 3 - Saguenéens : 2.
2:40 of 2nd period - Tyler Kennedy wins face-off versus Gilbert Brule in neutral zone.
3:05 of 2nd period - Brandon Yip is hit by Ryan Parent.
4:51 of 2nd period - Slapshot by Trevor Daley.
4:51 of 2nd period - Shot Blocked by Ryan Parent.
5:13 of 2nd period - Slapshot by Paul Ranger.
5:13 of 2nd period - Stopped by James Reimer with a rebound.
5:41 of 2nd period - Snap shot by Brandon Yip.
5:41 of 2nd period - Shot Misses the Net.
6:05 of 2nd period - Snap shot by Wayne Primeau.
6:05 of 2nd period - Stopped by Jeff Deslauriers with a rebound.
6:19 of 2nd period - Snap shot by David Laliberté.
6:19 of 2nd period - Shot Blocked by Karl Alzner.
6:21 of 2nd period - Wrist shot by Brian Flynn.
6:21 of 2nd period - Shot Blocked by Karl Alzner.
6:23 of 2nd period - Snap shot by Jarkko Ruutu.
6:23 of 2nd period - Deflect By David Laliberté.
6:23 of 2nd period - Stopped by Jeff Deslauriers with a rebound.
6:38 of 2nd period - Minor Penalty to Jeffrey Foss for Hooking.
6:39 of 2nd period - Tyler Kennedy wins face-off versus Gilbert Brule in Saguenéens zone.
6:52 of 2nd period - Wrist shot by Brandon Yip.
6:52 of 2nd period - Stopped by Jeff Deslauriers with a rebound.
7:12 of 2nd period - Jarkko Ruutu is hit by Stanislav Chistov and loses puck.
7:23 of 2nd period - Henrik Tallinder is hit by Gilbert Brule and loses puck.
8:38 of 2nd period - Penalty to Jeffrey Foss is over, Jeffrey Foss is back on ice.
8:40 of 2nd period - Snap shot by Brett Sterling.
8:40 of 2nd period - Stopped by James Reimer with a rebound.
10:17 of 2nd period - Wrist shot by Josh Hennessy.
10:17 of 2nd period - Shot Misses the Net.
10:41 of 2nd period - Snap shot by Kyle Brodziak.
10:41 of 2nd period - Stopped by Jeff Deslauriers without a rebound.
10:42 of 2nd period - Mark Olver wins face-off versus Kyle Brodziak in Senators zone.
11:05 of 2nd period - Jeffrey Foss is hit by Brett Sterling and loses puck.
11:28 of 2nd period - Snap shot by Brian Flynn.
11:28 of 2nd period - Shot Misses the Net.
11:30 of 2nd period - Backhand shot by Kris Russell.
11:30 of 2nd period - Stopped by Jeff Deslauriers without a rebound.
11:31 of 2nd period - Brian Flynn wins face-off versus Gilbert Brule in Senators zone.
11:34 of 2nd period - Slapshot by Trevor Daley.
11:34 of 2nd period - Deflect By Jarkko Ruutu.
11:34 of 2nd period - Shot Misses the Net.
11:34 of 2nd period - Puck is out of play.
11:35 of 2nd period - Tyler Kennedy wins face-off versus Gilbert Brule in Senators zone.
11:36 of 2nd period - Wrist shot by Wayne Simmonds.
11:36 of 2nd period - Shot Misses the Net.
12:06 of 2nd period - Wrist shot by Josh Hennessy.
12:06 of 2nd period - Shot Misses the Net.
12:08 of 2nd period - Slapshot by Paul Ranger.
12:08 of 2nd period - Stopped by James Reimer without a rebound.
12:09 of 2nd period - Gilbert Brule wins face-off versus Kyle Brodziak in Saguenéens zone.
12:12 of 2nd period - Slapshot by B.J. Crombeen.
12:12 of 2nd period - Stopped by James Reimer with a rebound.
12:14 of 2nd period - Slapshot by Milan Jurcina.
12:14 of 2nd period - Stopped by James Reimer without a rebound.
12:15 of 2nd period - Gilbert Brule wins face-off versus Kyle Brodziak in Saguenéens zone.
12:42 of 2nd period - Snap shot by Kyle Brodziak.
12:42 of 2nd period - Stopped by Jeff Deslauriers with a rebound.
12:44 of 2nd period - Wrist shot by Kris Russell.
12:44 of 2nd period - Shot Misses the Net.
12:46 of 2nd period - Snap shot by Kris Russell.
12:46 of 2nd period - Stopped by Jeff Deslauriers without a rebound.
12:47 of 2nd period - Tyler Kennedy wins face-off versus Gilbert Brule in Senators zone.
12:51 of 2nd period - Icing by Gilbert Brule.
12:52 of 2nd period - Gilbert Brule wins face-off versus Tyler Kennedy in Senators zone.
13:02 of 2nd period - Minor Penalty to Ryan Parent for Hooking.
13:03 of 2nd period - Tyler Kennedy wins face-off versus B.J. Crombeen in Senators zone.
13:06 of 2nd period - Snap shot by Tyler Kennedy.
13:06 of 2nd period - Goal by Tyler Kennedy - Senators : 3 - Saguenéens : 3.
13:07 of 2nd period - Gilbert Brule wins face-off versus Tyler Kennedy in neutral zone.
13:32 of 2nd period - Josh Hennessy is hit by Kyle Brodziak.
13:33 of 2nd period - Minor Penalty to Kyle Brodziak for Interference.
13:34 of 2nd period - Tyler Kennedy wins face-off versus Gilbert Brule in Saguenéens zone.
14:02 of 2nd period - Snap shot by Ryan Parent.
14:02 of 2nd period - Deflect By Gilbert Brule.
14:02 of 2nd period - Shot Misses the Net.
14:02 of 2nd period - Puck is out of play.
14:03 of 2nd period - Josh Hennessy wins face-off versus Tyler Kennedy in Saguenéens zone.
14:29 of 2nd period - Niklas Hagman is hit by Trevor Daley and loses puck.
15:15 of 2nd period - Icing by Karl Alzner.
15:16 of 2nd period - Tyler Kennedy wins face-off versus Gilbert Brule in Senators zone.
15:33 of 2nd period - Penalty to Kyle Brodziak is over, Kyle Brodziak is back on ice.
15:41 of 2nd period - Snap shot by Evgeny Dadonov.
15:41 of 2nd period - Shot Misses the Net.
15:43 of 2nd period - Snap shot by Tyler Kennedy.
15:43 of 2nd period - Shot Blocked by Steven Goertzen.
15:45 of 2nd period - Slapshot by Henrik Tallinder.
15:45 of 2nd period - Stopped by Jeff Deslauriers with a rebound.
15:47 of 2nd period - Wrist shot by Evgeny Dadonov.
15:47 of 2nd period - Stopped by Jeff Deslauriers without a rebound.
15:48 of 2nd period - Tyler Kennedy wins face-off versus Cody Hodgson in Senators zone.
16:04 of 2nd period - Paul Ranger is hit by Evgeny Dadonov.
16:29 of 2nd period - Ryan Parent is hit by Dwight King and loses puck.
17:16 of 2nd period - Slapshot by Kris Russell.
17:16 of 2nd period - Shot Misses the Net.
18:43 of 2nd period - Trevor Daley is hit by Steven Goertzen and loses puck.
19:05 of 2nd period - Minor Penalty to Henrik Tallinder for Boarding.
19:06 of 2nd period - Tyler Kennedy wins face-off versus Gilbert Brule in Saguenéens zone.
3rd period
0:01 of 3rd period - Tyler Kennedy wins face-off versus Gilbert Brule in neutral zone.
0:16 of 3rd period - Slapshot by Gilbert Brule.
0:16 of 3rd period - Stopped by James Reimer with a rebound.
1:05 of 3rd period - Penalty to Henrik Tallinder is over, Henrik Tallinder is back on ice.
1:34 of 3rd period - Snap shot by Henrik Tallinder.
1:34 of 3rd period - Shot Misses the Net.
2:02 of 3rd period - Slapshot by Dwight King.
2:02 of 3rd period - Shot Blocked by Logan Stephenson.
2:04 of 3rd period - Snap shot by Brandon Yip.
2:04 of 3rd period - Shot Blocked by Josh Hennessy.
2:06 of 3rd period - Slapshot by Brandon Burlon.
2:06 of 3rd period - Shot Blocked by Shane Sims.
2:16 of 3rd period - Snap shot by Trevor Daley.
2:16 of 3rd period - Stopped by Jeff Deslauriers with a rebound.
2:18 of 3rd period - Snap shot by Wayne Primeau.
2:18 of 3rd period - Shot Misses the Net.
2:19 of 3rd period - Minor Penalty to Logan Stephenson for Holding.
2:20 of 3rd period - Brandon Yip wins face-off versus B.J. Crombeen in Senators zone.
2:25 of 3rd period - Snap shot by Dwight King.
2:25 of 3rd period - Goal by Dwight King - Senators : 3 - Saguenéens : 4.
2:26 of 3rd period - Kyle Brodziak wins face-off versus Gilbert Brule in neutral zone.
2:31 of 3rd period - Snap shot by Trevor Daley.
2:31 of 3rd period - Stopped by Jeff Deslauriers with a rebound.
2:33 of 3rd period - Wrist shot by Dwight King.
2:33 of 3rd period - Stopped by Jeff Deslauriers without a rebound.
2:34 of 3rd period - Kyle Brodziak wins face-off versus Gilbert Brule in Senators zone.
2:35 of 3rd period - Wrist shot by Brandon Yip.
2:35 of 3rd period - Shot Blocked by Paul Ranger.
2:37 of 3rd period - Snap shot by Brandon Yip.
2:37 of 3rd period - Stopped by Jeff Deslauriers with a rebound.
3:46 of 3rd period - Icing by Ryan Parent.
3:47 of 3rd period - Gilbert Brule wins face-off versus Tyler Kennedy in Senators zone.
4:18 of 3rd period - Slapshot by Niklas Hagman.
4:18 of 3rd period - Stopped by James Reimer with a rebound.
4:20 of 3rd period - Snap shot by Niklas Hagman.
4:20 of 3rd period - Shot Misses the Net.
4:36 of 3rd period - Snap shot by Tyler Kennedy.
4:36 of 3rd period - Stopped by Jeff Deslauriers with a rebound.
4:52 of 3rd period - Slapshot by Gilbert Brule.
4:52 of 3rd period - Stopped by James Reimer with a rebound.
4:54 of 3rd period - Slapshot by Ryan Parent.
4:54 of 3rd period - Deflect By Niklas Hagman.
4:54 of 3rd period - Shot Misses the Net.
4:54 of 3rd period - Puck is out of play.
4:55 of 3rd period - Wayne Primeau wins face-off versus Josh Hennessy in Saguenéens zone.
5:00 of 3rd period - Slapshot by Kris Russell.
5:00 of 3rd period - Deflect By Rhett Rakhshani.
5:00 of 3rd period - Stopped by Jeff Deslauriers with a rebound.
5:21 of 3rd period - David Laliberté is hit by Cody Hodgson and loses puck.
6:04 of 3rd period - Milan Jurcina is hit by Wayne Primeau.
6:29 of 3rd period - Wayne Primeau is hit by Jack Skille and loses puck.
6:33 of 3rd period - Icing by Brandon Burlon.
6:34 of 3rd period - Wayne Primeau wins face-off versus Mark Olver in Saguenéens zone.
6:34 of 3rd period - Wayne Primeau is hit by Dylan Hunter.
6:40 of 3rd period - Wrist shot by Jack Skille.
6:40 of 3rd period - Stopped by James Reimer with a rebound.
6:42 of 3rd period - Wrist shot by Dylan Hunter.
6:42 of 3rd period - Shot Misses the Net.
6:44 of 3rd period - Snap shot by Dylan Hunter.
6:44 of 3rd period - Shot Misses the Net.
7:12 of 3rd period - Snap shot by James Sheppard.
7:12 of 3rd period - Shot Misses the Net.
7:14 of 3rd period - Slapshot by Kris Russell.
7:14 of 3rd period - Stopped by Jeff Deslauriers with a rebound.
7:16 of 3rd period - Wrist shot by Wayne Primeau.
7:16 of 3rd period - Stopped by Jeff Deslauriers with a rebound.
7:18 of 3rd period - Slapshot by Kris Russell.
7:18 of 3rd period - Deflect By Rhett Rakhshani.
7:18 of 3rd period - Shot Blocked by Milan Jurcina.
7:18 of 3rd period - Puck is out of play.
7:19 of 3rd period - Tyler Kennedy wins face-off versus Josh Hennessy in Senators zone.
7:46 of 3rd period - Ryan Parent is hit by Kyle Brodziak and loses puck.
7:57 of 3rd period - Snap shot by Brandon Yip.
7:57 of 3rd period - Stopped by Jeff Deslauriers with a rebound.
8:50 of 3rd period - Dwight King is hit by Nikolai Kulemin and loses puck.
9:17 of 3rd period - Brandon Yip is hit by Dylan Hunter and loses puck.
9:49 of 3rd period - Wrist shot by Steven Goertzen.
9:49 of 3rd period - Stopped by James Reimer without a rebound.
9:50 of 3rd period - Cody Hodgson wins face-off versus Tyler Kennedy in Saguenéens zone.
10:03 of 3rd period - Wrist shot by Steven Goertzen.
10:03 of 3rd period - Stopped by James Reimer with a rebound.
10:05 of 3rd period - Slapshot by Shane Sims.
10:05 of 3rd period - Stopped by James Reimer with a rebound.
10:07 of 3rd period - Snap shot by Shane Sims.
10:07 of 3rd period - Stopped by James Reimer without a rebound.
10:08 of 3rd period - Gilbert Brule wins face-off versus Wayne Primeau in Saguenéens zone.
10:17 of 3rd period - Slapshot by Gilbert Brule.
10:17 of 3rd period - Goal by Gilbert Brule - Senators : 4 - Saguenéens : 4.
10:18 of 3rd period - Tyler Kennedy wins face-off versus Gilbert Brule in neutral zone.
10:27 of 3rd period - Slapshot by Gilbert Brule.
10:27 of 3rd period - Stopped by James Reimer without a rebound.
10:28 of 3rd period - Tyler Kennedy wins face-off versus Niklas Hagman in Saguenéens zone.
11:04 of 3rd period - Backhand shot by Tyler Kennedy.
11:04 of 3rd period - Stopped by Jeff Deslauriers with a rebound.
11:11 of 3rd period - Minor Penalty to Wayne Simmonds for Hooking.
11:11 of 3rd period - Minor Penalty to B.J. Crombeen for Tripping.
11:12 of 3rd period - Kyle Brodziak wins face-off versus Steven Goertzen in Saguenéens zone.
11:21 of 3rd period - Wrist shot by Brandon Yip.
11:21 of 3rd period - Shot Misses the Net.
11:37 of 3rd period - Paul Ranger is hit by Ian Cole and loses puck.
11:44 of 3rd period - Slapshot by Evgeny Dadonov.
11:44 of 3rd period - Shot Misses the Net.
11:46 of 3rd period - Snap shot by Evgeny Dadonov.
11:46 of 3rd period - Stopped by Jeff Deslauriers with a rebound.
11:48 of 3rd period - Snap shot by Tyler Kennedy.
11:48 of 3rd period - Goal by Tyler Kennedy - Senators : 4 - Saguenéens : 5.
11:49 of 3rd period - Steven Goertzen wins face-off versus Tyler Kennedy in neutral zone.
11:51 of 3rd period - Off-side.
11:52 of 3rd period - Steven Goertzen wins face-off versus Tyler Kennedy in neutral zone.
12:03 of 3rd period - Slapshot by Steven Goertzen.
12:03 of 3rd period - Shot Misses the Net.
12:41 of 3rd period - Ian Cole is hit by Brett Sterling.
13:11 of 3rd period - Penalty to Wayne Simmonds is over, Wayne Simmonds is back on ice.
13:11 of 3rd period - Penalty to B.J. Crombeen is over, B.J. Crombeen is back on ice.
13:43 of 3rd period - Slapshot by Trevor Daley.
13:43 of 3rd period - Stopped by Jeff Deslauriers without a rebound.
13:44 of 3rd period - Stanislav Chistov wins face-off versus Brian Flynn in Senators zone.
13:53 of 3rd period - Snap shot by Josh Hennessy.
13:53 of 3rd period - Goal by Josh Hennessy - Senators : 5 - Saguenéens : 5.
13:54 of 3rd period - Tyler Kennedy wins face-off versus Gilbert Brule in neutral zone.
13:57 of 3rd period - Wrist shot by Evgeny Dadonov.
13:57 of 3rd period - Stopped by Jeff Deslauriers with a rebound.
13:59 of 3rd period - Slapshot by Kris Russell.
13:59 of 3rd period - Stopped by Jeff Deslauriers with a rebound.
14:01 of 3rd period - Wrist shot by Wayne Simmonds.
14:01 of 3rd period - Shot Misses the Net.
14:19 of 3rd period - Nikolai Kulemin is hit by Jeffrey Foss and loses puck.
15:01 of 3rd period - Wrist shot by Nikolai Kulemin.
15:01 of 3rd period - Shot Misses the Net.
15:03 of 3rd period - Slapshot by Karl Alzner.
15:03 of 3rd period - Shot Misses the Net.
15:05 of 3rd period - Snap shot by Nikolai Kulemin.
15:05 of 3rd period - Shot Misses the Net.
15:07 of 3rd period - Snap shot by Stanislav Chistov.
15:07 of 3rd period - Stopped by James Reimer with a rebound.
15:09 of 3rd period - Wrist shot by Karl Alzner.
15:09 of 3rd period - Deflect By Stanislav Chistov.
15:09 of 3rd period - Shot Misses the Net.
15:09 of 3rd period - Puck is out of play.
15:10 of 3rd period - Evgeny Dadonov wins face-off versus Cody Hodgson in Saguenéens zone.
15:21 of 3rd period - Snap shot by Steven Goertzen.
15:21 of 3rd period - Stopped by James Reimer with a rebound.
15:23 of 3rd period - Snap shot by Paul Ranger.
15:23 of 3rd period - Stopped by James Reimer without a rebound.
15:24 of 3rd period - Gilbert Brule wins face-off versus Wayne Primeau in Saguenéens zone.
15:27 of 3rd period - Slapshot by B.J. Crombeen.
15:27 of 3rd period - Deflect By Niklas Hagman.
15:27 of 3rd period - Stopped by James Reimer without a rebound.
15:28 of 3rd period - Wayne Primeau wins face-off versus Gilbert Brule in Saguenéens zone.
16:02 of 3rd period - Snap shot by Brian Flynn.
16:02 of 3rd period - Stopped by Jeff Deslauriers without a rebound.
16:03 of 3rd period - Gilbert Brule wins face-off versus Tyler Kennedy in Senators zone.
16:57 of 3rd period - Nikolai Kulemin is hit by Henrik Tallinder and loses puck.
17:16 of 3rd period - Slapshot by Trevor Daley.
17:16 of 3rd period - Shot Misses the Net.
17:18 of 3rd period - Snap shot by Kyle Brodziak.
17:18 of 3rd period - Stopped by Jeff Deslauriers with a rebound.
17:19 of 3rd period - Minor Penalty to Trevor Daley for Holding.
17:19 of 3rd period - Minor Penalty to Shane Sims for Tripping.
17:20 of 3rd period - Kyle Brodziak wins face-off versus B.J. Crombeen in Senators zone.
17:21 of 3rd period - Wrist shot by Brandon Yip.
17:21 of 3rd period - Shot Blocked by Paul Ranger.
18:00 of 3rd period - Slapshot by Brandon Yip.
18:00 of 3rd period - Shot Blocked by Ryan Parent.
18:12 of 3rd period - Snap shot by Ryan Parent.
18:12 of 3rd period - Stopped by James Reimer with a rebound.
18:14 of 3rd period - Snap shot by B.J. Crombeen.
18:14 of 3rd period - Shot Blocked by Brandon Burlon.
18:16 of 3rd period - Snap shot by Paul Ranger.
18:16 of 3rd period - Shot Misses the Net.
18:18 of 3rd period - Wrist shot by Niklas Hagman.
18:18 of 3rd period - Stopped by James Reimer with a rebound.
18:20 of 3rd period - Snap shot by Niklas Hagman.
18:20 of 3rd period - Shot Blocked by Brandon Burlon.
18:24 of 3rd period - Snap shot by B.J. Crombeen.
18:24 of 3rd period - Stopped by James Reimer with a rebound.
18:39 of 3rd period - Wrist shot by B.J. Crombeen.
18:39 of 3rd period - Deflect By Kyle Brodziak.
18:39 of 3rd period - Goal by B.J. Crombeen - Senators : 6 - Saguenéens : 5.
18:40 of 3rd period - Gilbert Brule wins face-off versus Tyler Kennedy in neutral zone.
19:10 of 3rd period - Saguenéens, James Reimer is pulled from the net.
19:10 of 3rd period - Snap shot by Evgeny Dadonov.
19:10 of 3rd period - Shot Blocked by Steven Goertzen.
19:12 of 3rd period - Slapshot by Tyler Kennedy.
19:12 of 3rd period - Shot Misses the Net.
19:14 of 3rd period - Snap shot by Evgeny Dadonov.
19:14 of 3rd period - Stopped by Jeff Deslauriers with a rebound.
19:19 of 3rd period - Penalty to Trevor Daley is over, Trevor Daley is back on ice.
19:19 of 3rd period - Penalty to Shane Sims is over, Shane Sims is back on ice.
19:33 of 3rd period - Snap shot by Tyler Kennedy.
19:33 of 3rd period - Stopped by Jeff Deslauriers without a rebound.
19:34 of 3rd period - Craig MacTavish call a timeout for Saguenéens.
19:34 of 3rd period - Tyler Kennedy wins face-off versus Gilbert Brule in Senators zone.
19:42 of 3rd period - Snap shot by Brandon Yip.
19:42 of 3rd period - Shot Blocked by B.J. Crombeen.
19:46 of 3rd period - Slapshot by Evgeny Dadonov.
19:46 of 3rd period - Shot Misses the Net.
19:48 of 3rd period - Wrist shot by Brandon Yip.
19:48 of 3rd period - Shot Misses the Net.
19:50 of 3rd period - Snap shot by Brandon Yip.
19:50 of 3rd period - Shot Blocked by Gilbert Brule.
19:52 of 3rd period - Snap shot by Trevor Daley.
19:52 of 3rd period - Goal by Trevor Daley - Senators : 6 - Saguenéens : 6.
19:52 of 3rd period - James Reimer from Saguenéens was sent back in the game.
19:53 of 3rd period - Brian Flynn wins face-off versus Cody Hodgson in neutral zone.
Overtime #1
0:01 of 1st overtime period - B.J. Crombeen wins face-off versus Tyler Kennedy in neutral zone.
1:20 of 1st overtime period - Snap shot by Steven Goertzen.
1:20 of 1st overtime period - Stopped by James Reimer with a rebound.
1:22 of 1st overtime period - Snap shot by Milan Jurcina.
1:22 of 1st overtime period - Shot Misses the Net.
1:26 of 1st overtime period - Snap shot by Jack Skille.
1:26 of 1st overtime period - Shot Blocked by Evgeny Dadonov.
1:46 of 1st overtime period - Ryan Parent is hit by Brandon Yip and loses puck.
2:10 of 1st overtime period - Steven Goertzen is hit by Ian Cole and loses puck.
4:25 of 1st overtime period - James Sheppard is hit by Dylan Hunter and loses puck.
4:52 of 1st overtime period - Ian Cole is hit by Karl Alzner and loses puck.
ShootOut
5:00 of 1st overtime period - Penalty Shot by B.J. Crombeen for Senators.
5:00 of 1st overtime period - Deke by B.J. Crombeen.
5:00 of 1st overtime period - Stopped by James Reimer.
5:00 of 1st overtime period - Penalty Shot by Brandon Yip for Saguenéens.
5:00 of 1st overtime period - Deke by Brandon Yip.
5:00 of 1st overtime period - Stopped by Jeff Deslauriers.
5:00 of 1st overtime period - Penalty Shot by Niklas Hagman for Senators.
5:00 of 1st overtime period - Snap shot by Niklas Hagman.
5:00 of 1st overtime period - Stopped by James Reimer.
5:00 of 1st overtime period - Penalty Shot by Tyler Kennedy for Saguenéens.
5:00 of 1st overtime period - Wrist shot by Tyler Kennedy.
5:00 of 1st overtime period - Stopped by Jeff Deslauriers.
5:00 of 1st overtime period - Penalty Shot by Gilbert Brule for Senators.
5:00 of 1st overtime period - Backhand shot by Gilbert Brule.
5:00 of 1st overtime period - Goal by Gilbert Brule.
5:00 of 1st overtime period - Penalty Shot by Evgeny Dadonov for Saguenéens.
5:00 of 1st overtime period - Snap shot by Evgeny Dadonov.
5:00 of 1st overtime period - Shot Misses the Net.
Output by the SimonT Hockey Simulator (STHS) for François Prévost -- Original Page W3C XHTML 1.0 Valid